 Dungeon Crawl Stone Soup version 0.22-a0-377-g846bec1a06 (webtiles) character file.

16 Octomaniac the Skirmisher (level 2, 0/19 HPs)
             Began as a Gargoyle Fighter on Apr 27, 2018.
             Slain by a gnoll
             ... wielding a +0 spear
              (2 damage)
             ... on level 1 of the Dungeon.
             The game lasted 00:01:31 (1231 turns).

Octomaniac the Skirmisher (Gargoyle Fighter)        Turns: 1231, Time: 00:01:32

Health: 0/19       AC:  9    Str: 19    XL:     2   Next: 58%
Magic:  2/2        EV:  7    Int:  8    God:
Gold:   67         SH:  9    Dex:  9    Spells: 1/1 levels left

rFire    . . .     SeeInvis .   a - +0 flail
rCold    . . .     Gourm    .   c - +0 shield
rNeg     + . .     Faith    .   b - +0 scale mail
rPois    ∞         Spirit   .   (no helmet)
rElec    +         Reflect  .   (no cloak)
rCorr    .         Harm     .   (no gloves)
MR       .....                  (no boots)
Stlth    ..........             (no amulet)
HPRegen  0.06/turn              (no ring)
MPRegen  0.08/turn              (no ring)

@: no status effects
A: negative energy resistance 1, electricity resistance, unbreathing,
petrification resistance, rot immunity, AC +2
a: no special abilities


You were on level 1 of the Dungeon.
You were hungry.

You visited 1 branch of the dungeon, and saw 2 of its levels.

You collected 67 gold pieces.

Inventory:

Hand Weapons
 a - a +0 flail (weapon)
Armour
 b - a +0 scale mail (worn)
 c - a +0 shield (worn)
Jewellery
 e - a +3 ring of protection {unknown}
 i - an uncursed ring of protection from fire {unknown}
 j - a +3 ring of dexterity {unknown}
Scrolls
 h - a scroll of enchant weapon {unknown}
 l - a scroll of identify {unknown}
Potions
 d - a potion of might
 k - a potion of flight {unknown}
Comestibles
 f - 3 rations


   Skills:
 - Level 3.3 Fighting
 + Level 3.0 Maces & Flails
 - Level 3.2 Armour
 - Level 3.2 Shields


You had one spell level left.
You didn't know any spells.

Dungeon Overview and Level Annotations

Branches:
Dungeon (2/15)

Altars:
Makhleb


Innate Abilities, Weirdness & Mutations

You are resistant to torment.
Your stone body is resilient. (AC +2)
You are immune to poison.
You resist negative energy. (rN+)
You are resistant to electric shocks. (rElec)
You can survive without breathing.
You are immune to petrification.
You are immune to rotting.


Message History

* * * LOW HITPOINT WARNING * * *
You are too injured to fight recklessly!
Your shield prevents you from hitting the gnoll.
The gnoll hits you but does no damage.
You hit the gnoll.
The gnoll is moderately wounded.
You block the gnoll's attack. The gnoll barely misses you.
You barely miss the gnoll.
The gnoll is moderately wounded.
The gnoll hits you but does no damage.
You hit the gnoll.
The gnoll is heavily wounded.
You block the gnoll's attack.
You hit the gnoll.
The gnoll is severely wounded.
The gnoll barely misses you. You block the gnoll's attack.
You hit the gnoll.
The gnoll is almost dead.
The gnoll hits you with a spear.
You die...

##### #.# #.# #.# ####.# ....#
#.# #.### #.# #.# ##..######.#
#...# #.# #.# ##.........#
###.# #.# #.# ........#### #.#
#.###### #.# ####.##.# #.#
#......# #.# # #.##.#
##.###......#####.# #
#.##.#######.g................
#
#............@.........#####.#
# #..#.#######.###.#.....# #.#
####....).# #.# #.###.### #.#
......###.#####.# #.# ### #.#
#####.# #.......# #.# #.#
#.###.####### #.# #.# #.....#
#.###########.# #####.#####
#.............# ......#
###############


You could see a gnoll.

Vanquished Creatures
  A dart slug (D:1)
  A ball python (D:1)
  4 bats
  3 hobgoblins (D:1)
  2 kobolds (D:1)
  A frilled lizard (D:1)
  A rat (D:1)
13 creatures vanquished.

Notes
Turn   | Place    | Note
-------+----------+-------------------------------------------
     0 | D:1      | Octomaniac the Gargoyle Fighter began the quest for the Orb.
     0 | D:1      | Reached XP level 1. HP: 14/14 MP: 1/1
   151 | D:1      | Reached XP level 2. HP: 18/19 MP: 2/2
   747 | D:2      | Found a burning altar of Makhleb.
  1231 | D:1      | Slain by a gnoll

Vault maps used:
D:1:      elethiomel_arrival_quiet, serial_bayou_pond_d
D:2:      old_standard_altar, minmay_tetromino_s2

Skill      XL: |  1  2 |
---------------+-------+-----
Maces & Flails | 3 |  3.0
Fighting       | |  3.3
Armour         | |  3.2
Shields        | |  3.2

Action                   || total
-------------------------++-------
Melee: Flail             ||    53
Armor: Scale mail        ||    49
Dodge: Dodged            ||    23
Block: Shield            ||    42

Table legend:
 A = Spawn XP
 B = Non-spawn XP
 C = Spawn XP percentage of total XP
 D = Spawn monster count
 E = Non-spawn monster count
 F = Spawn count percentage of total count
 G = Total turns spent on level
                    A         B        C        D         E        F      G
               +---------+---------+-------+---------+---------+-------+---------
         Total |       0 |      24 |   0.0 |       0 |      13 |   0.0 |  1231
               +---------+---------+-------+---------+---------+-------+---------
           D:1 |       0 |      23 |   0.0 |       0 |      12 |   0.0 |  1179
           D:2 |       0 |       1 |   0.0 |       0 |       1 |   0.0 |    52
               +---------+---------+-------+---------+---------+-------+---------
